 Dungeon Crawl Stone Soup version 0.31-a0-564-g3b7de120b3 (webtiles) character file.

Game seed: 17724341443653277552

160 LustLizard the Ruffian (level 5, 0/34 HPs)
             Began as an Octopode Shapeshifter on Aug 18, 2023.
             Slain by an orc priest
             ... wielding a +0 flail
              (6 damage)
             ... on level 3 of the Dungeon.
             The game lasted 00:04:01 (2129 turns).

LustLizard the Ruffian (Octopode Shapeshifter)      Turns: 2129, Time: 00:04:02

Health: 0/34       AC:  1    Str: 14    XL:     5   Next: 41%
Magic:  5/5        EV: 13    Int: 12    God:
Gold:   71         SH:  0    Dex: 13    Spells: 5/5 levels left

rFire   . .          .
                       - Unarmed
rCold   . . .        (no shield)
rNeg    . . .        (helmet currently unavailable)
rPois   .            (no amulet)
rElec   .            (no ring)
rCorr   .            (no ring)
SInv    .            (no ring)
Will    .....        (no ring)
Stlth   +++          (no ring)
HPRegen 0.25/turn    (no ring)
MPRegen 0.09/turn    (no ring)
                     (no ring)

%: no passive effects
@: beast-form
A: beast (slay +2), almost no armour, amphibious, 8 rings, camouflage 1,
gelatinous body 1, (nimble swimmer 1), tentacles
a: Begin Untransformation


You were on level 3 of the Dungeon.
You were a hulking beast.
You visited 1 branch of the dungeon, and saw 3 of its levels.

You collected 71 gold pieces.

Inventory:

Missiles
 d - 5 poisoned darts
Talismans
 b - a beast talisman (active)
 c - a flux talisman
 n - a serpent talisman
Scrolls
 a - a scroll of amnesia {unknown}
 e - a scroll of fear {unknown}
 i - a scroll of enchant armour {unknown}
 j - a scroll of immolation {unknown}
 l - a scroll of revelation {unknown}
Potions
 f - a potion of curing
 g - a potion of mutation
 h - a potion of might {unknown}
 k - 2 potions of haste
 m - a potion of lignification


   Skills:
 + Level 2.2 Fighting
 - Level 2.0 Dodging
 + Level 3.0 Stealth
 * Level 4.3 Unarmed Combat
 + Level 0.5 Spellcasting
 + Level 3.4 Shapeshifting


You had 5 spell levels left.
You didn't know any spells.
Your spell library contained the following spells:

 Spells                   Type           Power      Damage    Failure   Level
 Ensorcelled Hibernation  Hex/Ice        0%         N/A       43%         2
 Passwall                 Tmut/Erth      0%         N/A       43%         2
 Wereblood                Tmut           0%         N/A       43%         2
 Swiftness                Air            0%         N/A       67%         3
 Volatile Blastmotes      Fire/Tloc      0%         2d10      67%         3
 Fulminant Prism          Conj/Hex       0%         3d5       97%         4
 Iskenderun's Mystic Bla  Conj/Tloc      0%         2d3       97%         4
 Irradiate                Conj/Tmut      0%         3d11      100%        5


Dungeon Overview and Level Annotations

Branches:
Dungeon (3/15)

Altars:


Innate Abilities, Weirdness & Mutations

You are a hulking beast.
Your limbs bulge with bestial killing power. (Slay +2)
You cannot wear most types of armour.
You are amphibious.
You can wear up to eight rings at the same time.
Your skin changes colour to match your surroundings (Stealth+).
Your rubbery body absorbs attacks. (AC +1, EV +1)
((You are camouflaged when in or above water. (Stealth+)))
You have tentacles for arms and can constrict up to eight enemies at once.


Message History

You kill the orc wizard!
You have reached level 5!
You feel agile.
You start resting.
HP restored.
The orc priest shouts!
Items here: )) [[ ††.
The orc priest closely misses you.
The orc priest mumbles some strange prayers to Beogh against you.
Beogh smites you!
You tentacle-slap the orc priest. Your grab misses the orc priest.
Your tentacle-slap misses the orc priest.
Your squeeze misses the orc priest.
The orc priest is lightly wounded.
The orc priest misses you.
The orc priest invokes the aid of Beogh against you.
Beogh smites you!
* * * LOW HITPOINT WARNING * * *
You tentacle-slap the orc priest. You grab the orc priest.
You squeeze the orc priest, but do no damage.
The orc priest is moderately wounded.
You constrict the orc priest, but do no damage.
You bludgeon the orc priest! You squeeze the orc priest.
You kill the orc priest!
The orc priest begins to cast a cantrip, but forgets the words!
Your Stealth skill increases to level 3!
The orc priest invokes the aid of Beogh against you.
Pain shoots through your body!
* * * LOW HITPOINT WARNING * * *
You see here a +0 dagger.
You completely miss the orc priest. Your grab misses the orc priest.
You squeeze the orc priest.
The orc priest is heavily wounded.
The orc priest misses you.
Unknown command.
You barely miss the orc priest. You grab the orc priest.
The orc priest is heavily wounded.
You constrict the orc priest, but do no damage.
The orc priest hits you with a +0 flail.
You die...

..# ..## ######....♣
♣..#
...........P♣PP##
........P.PP♣P..#
..........P♣♣...#
.......PPP♣♣..P.#
........P.♣..P..# #
........P.P..#)###.#
.....###....##..ho.#
........#.##########
.....#.##.#
.....#.##.#
.....#.##.#
.....#.##.#
.....#....#
.....###### .....#


You could see an orc priest.

Vanquished Creatures
  An orc priest (D:3)
  An orc wizard (D:3)
  A gnoll (D:1)
  3 adders (D:2)
  A worm (D:2)
  A dart slug (D:1)
  An orc (D:3)
  5 endoplasms
  A giant cockroach (D:1)
  2 goblins (D:1)
  6 hobgoblins
  9 jackals (D:1)
  3 quokkas
  7 ball pythons
  3 bats
  5 frilled lizards
  4 kobolds
  4 rats
58 creatures vanquished.

Notes
Turn   | Place    | Note
-------+----------+-------------------------------------------
     0 | D:1      | LustLizard the Octopode Shapeshifter began the quest for
                  | the Orb.
     0 | D:1      | Reached XP level 1. HP: 13/13 MP: 1/1
    76 | D:1      | Reached XP level 2. HP: 18/18 MP: 2/2
    93 | D:1      | Reached skill level 1 in Stealth
   217 | D:1      | Reached XP level 3. HP: 23/23 MP: 3/3
  1099 | D:2      | Identified the +5 mace "Killer Bee's Bane" {heavy, Int+2}
  1124 | D:2      | Reached XP level 4. HP: 29/29 MP: 4/4
  1214 | D:2      | Found a faded altar of an unknown god.
  1225 | D:2      | Reached skill level 4 in Unarmed Combat
  2060 | D:3      | Reached XP level 5. HP: 18/34 MP: 5/5
  2129 | D:3      | Slain by an orc priest

Illustrated notes

Levels and vault maps discovered:
D:1:      mrwooster_arrival_statue, layout_basic, st_stairs_13,
          minmay_statues_item
D:2:      layout_loops_corners, nicolae_ecumenical_snake_handling,
          minmay_small_reverse_x
D:3:      layout_basic, serial_forest, infiniplex_forest_straight_3,
          infiniplex_forest_clump_large, infiniplex_forest_lined_2,
          infiniplex_forest_straight_2, infiniplex_forest_lined_2,
          infiniplex_forest_clump_small, infiniplex_forest_clump_C,
          infiniplex_forest_lined_2, infiniplex_forest_end_2,
          kennysheep_nondescript

Skill      XL: |  1  2  3  4  5 |
---------------+----------------+-----
Stealth        | 1 2 3 |  3.0
Unarmed Combat | 4 |  4.3
Fighting       | 2 |  2.2
Dodging        | |  2.0
Spellcasting   | |  0.5
Shapeshifting  | |  3.4

Action                     |  1- 3 |  4- 6 || total
---------------------------+-------+-------++-------
  Melee: Unarmed           |    58 |    52 ||   110
         Constrict         |    14 |     9 ||    23
         Tentacles         |    13 |    10 ||    23
         Punch             |     4 |       ||     4
  Throw: Dart              |     3 |       ||     3
    Use: Scroll            |       |     3 ||     3
         Potion            |       |     1 ||     1
   Stab: Sleeping          |     4 |     8 ||    12
 Armour: Skin              |     3 |    44 ||    47
  Dodge: Dodged            |    25 |    29 ||    54

Table legend: (Time is in decaauts)
 A = Elapsed time spent in this place.
 B = Non-inter-level travel time spent in this place.
 C = Inter-level travel time spent in this place.
 D = Time resting spent in this place.
 E = Time spent auto-exploring this place.
 F = Levels seen in this place.
 G = Mean time per level.
                   A        B        C        D        E       F      G
               +--------+--------+--------+--------+--------+-----+--------+
         Total |   2121 |   2056 |     65 |    177 |   1443 |   3 |  707.0 |
       Dungeon |   2121 |   2056 |     65 |    177 |   1443 |   3 |  707.0 |
               +--------+--------+--------+--------+--------+-----+--------+

Top non-repeatable levels by time:
     D:2: 981 daAuts
     D:1: 903 daAuts
     D:3: 237 daAuts
